 Dungeon Crawl Stone Soup version 0.19.4-8-ga85b6b9 (webtiles) character file.

217 JeffiDaFish the Stinger (level 5, -3/28 HPs)
             Began as a Gargoyle Venom Mage on Feb 7, 2017.
             Slain by a gnoll
             ... wielding a +0 whip
              (7 damage)
             ... on level 1 of the Dungeon on Feb 8, 2017.
             The game lasted 00:08:45 (2121 turns).

JeffiDaFish the Stinger (Gargoyle Venom Mage)       Turns: 2121, Time: 00:08:45

Health: -3/28      AC:  7    Str: 11    XL:     5   Next: 94%
Magic:  2/19       EV: 12    Int: 18    God:
Gold:   46         SH:  0    Dex: 13    Spells: 2 memorised, 6 levels left

rFire  . . .     SeeInvis .     e - +0 whip
rCold  . . .     Gourm    .     g - +0 leather armour
rNeg   + . .     Faith    .     (no shield)
rPois  ∞         Spirit   .     (no helmet)
rElec  +         Reflect  .     (no cloak)
rCorr  .         Harm     .     (no gloves)
MR     .....                    (no boots)
Stlth  ++........               i - amulet of inaccuracy (curse)
                                (no ring)
                                h - ring of magical power

@: very slightly contaminated
A: agile 1, clever 1, negative energy resistance 1, electricity resistance,
unbreathing, petrification resistance, rot immunity, AC +4
a: no special abilities


You were on level 1 of the Dungeon.
You were not hungry.

You visited 1 branch of the dungeon, and saw 2 of its levels.

You collected 46 gold pieces.

Inventory:

Hand Weapons
 e - a +0 whip (weapon)
Armour
 g - a +0 leather armour (worn)
Jewellery
 d - an uncursed amulet of rage
 h - a ring of magical power (left hand)
 i - a cursed amulet of inaccuracy (around neck)
Books
 b - a Young Poisoner's Handbook

   Spells                             Type                      Level
   a - Sting                          Conjuration/Poison           1
   b - Mephitic Cloud                 Conjuration/Poison/Air       3
   c - Olgreb's Toxic Radiance        Poison                       4
   d - Alistair's Intoxication        Transmutation/Poison         5
   e - Venom Bolt                     Conjuration/Poison           5
Comestibles
 a - a meat ration
 c - 2 bread rations


   Skills:
 + Level 1.7 Maces & Flails
 + Level 1.4 Armour
 + Level 1.7 Dodging
 + Level 2.4 Stealth
 + Level 3.4 Spellcasting
 + Level 1.9 Conjurations
 + Level 0.4 Air Magic
 + Level 4.8 Poison Magic


You had 6 spell levels left.
You knew the following spells:

 Your Spells              Type           Power        Failure   Level  Hunger
a - Sting                 Conj/Pois      ###.         6%          1    None
b - Mephitic Cloud        Conj/Pois/Air  ##......     24%         3    ###....


Dungeon Overview and Level Annotations

Branches:
Dungeon (2/15)

Altars:


Innate Abilities, Weirdness & Mutations

You are resistant to torment.
Your stone body is resilient. (AC +4)
You are immune to poison.
You resist negative energy. (rN+)
You are resistant to electric shocks. (rElec)
You can survive without breathing.
You are immune to petrification.
You are immune to rotting.
You are agile. (Dex +2)
Your mind is acute. (Int +2)


Message History

There is a stone staircase leading down here.
The gnoll hits you but does no damage.
Casting: Sting
Confirm with . or Enter, or press ? or * to list all spells.
Aiming: Sting
Press: ? - help, Shift-Dir - straight line, f - gnoll
Aim: a gnoll, wielding a whip The sting hits the gnoll.
The gnoll is poisoned.
The gnoll is moderately wounded.
The gnoll hits you with a whip.
* * * LOW HITPOINT WARNING * * *
Casting: Sting
Confirm with . or Enter, or press ? or * to list all spells.
Aiming: Sting
Press: ? - help, Shift-Dir - straight line, f/p - gnoll
Aim: a gnoll, wielding a whip (moderately wounded, poisoned)
The sting hits the gnoll.
The gnoll looks even sicker.
The gnoll is heavily wounded.
The gnoll hits you with a whip!
You die...

## #.# .# #.# .# #.## .## #..#
######## ..## ##.# #......#
.#.###### #.#####.####.#
.....(..# #.#>....# #.#
...####.######.#g##### #.# ####
..### #........#@# #.# #... ....#
########...########.####.## ....#
#.....)...........## ....#
#.####>.......#.....
...###########.####.#####.(÷.###.
..............(......####.######.
.#............(####..............
..........####(# #.#############
###.###.#.# #.# #.# ########


You could see a gnoll.

Vanquished Creatures
  Sigmund (D:2)
  A gnoll (D:2)
  3 adders
  A worm (D:2)
  An orc (D:2)
  6 bats
  A giant cockroach (D:2)
  3 goblins
  3 hobgoblins
  A quokka (D:2)
  A ball python (D:2)
  3 frilled lizards
  5 kobolds (D:1)
  5 rats
35 creatures vanquished.

Notes
Turn   | Place    | Note
-------+----------+-------------------------------------------
     0 | D:1      | JeffiDaFish the Gargoyle Venom Mage began the quest for the Orb.
     0 | D:1      | Reached XP level 1. HP: 10/10 MP: 3/3
    39 | D:1      | Gained mutation: You are agile. (Dex +2) [potion of beneficial mutation]
   384 | D:1      | Reached XP level 2. HP: 2/15 MP: 0/5
   805 | D:1      | Gained mutation: Your mind is acute. (Int +2) [potion of beneficial mutation]
   866 | D:1      | Reached XP level 3. HP: 12/19 MP: 6/6
  1355 | D:2      | Learned a level 3 spell: Mephitic Cloud
  1752 | D:2      | Reached skill level 1 in Conjurations
  1915 | D:2      | Noticed Sigmund
  1966 | D:2      | Reached XP level 4. HP: 12/24 MP: 4/8
  2088 | D:2      | Killed Sigmund
  2088 | D:2      | Reached skill level 1 in Maces & Flails
  2088 | D:2      | Reached skill level 1 in Armour
  2088 | D:2      | Reached XP level 5. HP: 9/28 MP: 0/10
  2121 | D:1      | Slain by a gnoll

Skill      XL: |  1  2  3  4 |
---------------+-------------+-----
Conjurations   | 1 |  1.9
Maces & Flails | 1 |  1.7
Armour         | 1 |  1.4
Spellcasting   | 3 |  3.4
Dodging        | |  1.7
Stealth        | |  2.4
Air Magic      | |  0.4
Poison Magic   | |  4.8

Action                   |  1- 3 |  4- 6 || total
-------------------------+-------+-------++-------
Melee: Whip              |   112 |     9 ||   121
 Cast: Sting             |    45 |    12 ||    57
       Mephitic Cloud    |       |     1 ||     1
  Use: Potion            |     7 |       ||     7
       Scroll            |     5 |       ||     5
 Stab: Sleeping          |     1 |       ||     1
       Confused          |       |     1 ||     1
  Eat: Chunk             |     4 |     1 ||     5
Armor: Scale mail        |    32 |       ||    32
       Robe              |    19 |       ||    19
       Leather armour    |    12 |     3 ||    15
Dodge: Dodged            |    88 |     8 ||    96
